 Dungeon Crawl Stone Soup version 0.28.0-53-g5a82cb258f (webtiles) character file.

Game seed: 13249076210767069

3054 Tirrikindir the Carver (level 9, 0/62 HPs)
             Began as an Octopode Fighter on Aug 6, 2022.
             Was an Elder of Okawaru.
             Slain by Grum
             ... wielding a +0 glaive
              (22 damage)
             ... on level 8 of the Dungeon.
             The game lasted 00:21:36 (7849 turns).

Tirrikindir the Carver (Octopode Fighter)           Turns: 7849, Time: 00:21:36

Health: 0/62       AC:  1    Str: 17    XL:     9   Next: 87%
Magic:  10/12      EV: 21    Int: 10    God:    Okawaru [****..]
Gold:   81         SH:  8    Dex: 26    Spells: 8/8 levels left

rFire   + . .      SeeInvis .   C - +4 scimitar
rCold   . . .      Faith    .   b - +0 buckler
rNeg    . . .      Spirit   .   (helmet restricted)
rPois   .          Reflect  .   (no amulet)
rElec   .          Harm     .   d - +6 ring of dexterity
rCorr   .          Rampage  .   y - +6 ring of dexterity
Will    .....                   F - ring of protection from fire
Stlth   ++++++....              (no ring)
HPRegen 0.20/turn               (no ring)
MPRegen 0.13/turn               (no ring)
                                (no ring)
                                (no ring)

@: about to teleport, heroic
A: almost no armour, amphibious, 8 rings, camouflage 1, gelatinous body 1,
(nimble swimmer 1), tentacles
a: Renounce Religion, Heroism, Finesse


You were on level 8 of the Dungeon.
You worshipped Okawaru.
Okawaru was greatly pleased with you.
You visited 2 branches of the dungeon, and saw 9 of its levels.
You also visited: Sewer and Ossuary.

You collected 251 gold pieces.
You spent 170 gold pieces at shops.

Inventory:

Hand Weapons
 f - a +1 dagger of electrocution
 C - a +4 scimitar (weapon)
Missiles
 g - 6 poisoned darts (quivered)
 x - a throwing net
Armour
 b - a +0 buckler (worn)
Jewellery
 d - a +6 ring of dexterity (left tentacle)
 y - a +6 ring of dexterity (right tentacle)
 F - a ring of protection from fire (on tentacle)
Wands
 j - a wand of digging (5)
 n - a wand of flame (28)
Scrolls
 a - a scroll of blinking
 i - 2 scrolls of fear
 k - 2 scrolls of teleportation
 v - a scroll of enchant weapon
 z - a scroll of amnesia {unknown}
 A - 2 scrolls of summoning {unknown}
 B - a scroll of fog
 D - a scroll of holy word
 E - a scroll of identify
Potions
 c - 3 potions of might
 e - 2 potions of haste
 h - 3 potions of resistance
 l - a potion of flight
 m - 5 potions of lignification
 o - a potion of brilliance
 p - a potion of berserk rage
 q - a potion of magic
 r - a potion of cancellation {unknown}
 s - 2 potions of curing
 t - a potion of heal wounds
 u - a potion of mutation {unknown}
 w - 2 potions of invisibility {unknown}


   Skills:
 - Level 6.0(11.0) Fighting
 * Level 9.7(14.7) Long Blades
 - Level 4.0(9.0) Dodging
 - Level 6.0(11.0) Stealth
 - Level 4.0(9.0) Shields
 - Level 5.0 Invocations
 - Level 3.0 Evocations


You had 8 spell levels left.
You didn't know any spells.
Your spell library contained the following spells:

 Spells                   Type           Power      Damage    Failure   Level
 Beastly Appendage        Tmut           0%         N/A       43%         1
 Wereblood                Tmut           0%         N/A       56%         2
 Gell's Gravitas          Tloc           0%         N/A       80%         3
 Lesser Beckoning         Tloc           0%         N/A       80%         3
 Spider Form              Tmut/Pois      0%         N/A       80%         3
 Teleport Other           Tloc           0%         N/A       80%         3


Dungeon Overview and Level Annotations

Branches:
Dungeon (8/15)             Temple (1/1) D:6           Sewer (visited)
Ossuary (visited)
   Lair: D:8-11

Altars:
Ashenzari
Cheibriados
Dithmenos
Elyvilon
Fedhas
Gozag
Hepliaklqana
Kikubaaqudgha
Makhleb
Nemelex Xobeh
Okawaru
Qazlal
Ru
Sif Muna
Trog
Uskayaw
Vehumet
Wu Jian
Xom
Zin
The Shining One

Shops:
D:1 [   D:6 ?

Annotations:
D:8 Grum


Innate Abilities, Weirdness & Mutations

You cannot wear most types of armour.
You are amphibious.
You can wear up to eight rings at the same time.
Your skin changes colour to match your surroundings (Stealth+).
Your rubbery body absorbs attacks. (AC +1, EV +1)
((You are camouflaged when in or above water. (Stealth+)))
You have tentacles for arms and can constrict up to eight enemies at once.


Message History

You hit the centaur. Your squeeze misses the centaur.
The centaur is almost dead.
The centaur closely misses you. The centaur kicks you.
You hit the centaur but do no damage. Your squeeze misses the centaur.
The centaur is almost dead.
The wolf barely misses you. The centaur barely misses you.
You block the centaur's attack.
A wolf comes into view.
The wolf bites you! The centaur hits you. You block the centaur's attack.
The wolf howls!
You slash the centaur!
You kill the centaur!
Okawaru accepts your kill.
You can now enter into single combat with a foe.
Okawaru will now gift you equipment as you gain piety.
You hear a howl!
The wolf bites you. Grum completely misses you.
You gain the combat prowess of a mighty hero.
You can no longer enter into single combat with a foe.
Okawaru will no longer gift you equipment.
You block the wolf's attack. The wolf completely misses you. Grum misses you.
The wolf completely misses you. The wolf closely misses you.
As you read the scroll of teleportation, it crumbles to dust.
You feel strangely unstable. The wolf bites you.
* * * LOW HITPOINT WARNING * * *
The wolf misses you.
You completely miss the wolf. You grab the wolf. You constrict the wolf.
The wolf bites you!
* * * LOW HITPOINT WARNING * * *
You hit the wolf.
The wolf is moderately wounded.
You constrict the wolf, but do no damage.
You block the wolf's attack.
Grum hits you from afar with a +0 glaive!
* * * LOW HITPOINT WARNING * * *
You feel much better.
You constrict the wolf. The wolf completely misses you. The wolf misses you.
Grum hits you from afar with a +0 glaive!!
You die...

##..###..##....#
#........#).##.#
#..........###.# .##
#.......).####.#######..#
..........)...##...........
...................!.......
..#........##.###..........
..#.........#...##h........
. #.......#.###.@hg........
#.......#.. ####).)....#
..###..#####.##..........#
#.# #..# ...$..#.......#
#.###..# .....!.##.#.#.!.#
.......# ....... ....#....
.......#........ ..... ...
................. ...... .
......# .................


You could see Grum and 2 wolves.

Vanquished Creatures
  A water moccasin (D:4)
  An orc warrior (D:8)
  A sky beast (D:5)
  5 ogres
  2 centaurs (D:8)
  2 phantoms
  A bullfrog (D:7)
  A wyvern zombie (D:6)
  5 water moccasin zombies
  3 scorpions
  A water moccasin skeleton (D:6)
  A wyvern skeleton (D:7)
  3 killer bees (D:7)
  4 wights (D:6)
  A howler monkey (D:4)
  A centaur zombie (D:8)
  4 jellies
  3 centaur skeletons
  3 orc priests
  Crazy Yiuf (D:4)
  A gnoll shaman (D:7)
  6 iguanas
  An orc wizard (D:5)
  A killer bee zombie (D:4)
  A hound skeleton (D:5)
  2 mummies (Ossuary)
  10 gnolls
  A howler monkey skeleton (D:7)
  7 adders
  2 river rats
  A white imp (D:6)
  2 ufetubi
  4 adder zombies (Ossuary)
  2 worms
  4 dart slugs
  12 orcs
  13 ball pythons
  8 endoplasms
  3 giant cockroaches
  12 goblins
  10 hobgoblins
  5 jackals
  12 kobolds
  5 quokkas
  A bat (D:1)
  8 frilled lizards
  8 gnoll zombies (Ossuary)
  4 hobgoblin zombies (Ossuary)
  A kobold zombie (Ossuary)
  4 orc zombies (Ossuary)
  14 rats
209 creatures vanquished.

Vanquished Creatures (others)
  Ijyb (D:3)
  6 plants (D:1)
7 creatures vanquished.

Grand Total: 216 creatures vanquished

Notes
Turn   | Place    | Note
-------+----------+-------------------------------------------
     0 | D:1      | Tirrikindir the Octopode Fighter began the quest for the
                  | Orb.
     0 | D:1      | Reached XP level 1. HP: 16/16 MP: 1/1
   263 | D:1      | Reached XP level 2. HP: 20/21 MP: 2/2
   370 | D:1      | Reached skill level 1 in Stealth
   481 | D:1      | Found Pout's Antique Armour Shop.
  1169 | D:2      | Reached XP level 3. HP: 26/26 MP: 3/3
  1169 | D:2      | Found a faded altar of an unknown god.
  1183 | D:2      | Prayed at the altar of an unknown god.
  1183 | D:2      | Became a worshipper of Warmaster Okawaru
  1183 | D:2      | Reached * piety under Okawaru
  1420 | D:2      | Reached XP level 4. HP: 20/31 MP: 4/4
  1573 | D:2      | Reached skill level 3 in Long Blades
  2294 | D:3      | Reached XP level 5. HP: 37/37 MP: 5/5
  2329 | D:3      | Reached skill level 1 in Invocations
  2498 | D:3      | Reached ** piety under Okawaru
  2522 | D:3      | Noticed Ijyb
  2539 | D:3      | Killed Ijyb
  2867 | D:3      | Found a burning altar of Makhleb.
  3003 | D:3      | Reached XP level 6. HP: 32/43 MP: 6/6
  3298 | D:4      | Noticed a water moccasin
  3762 | D:4      | Reached skill level 4 in Long Blades
  3996 | D:4      | Killed a water moccasin
  3997 | D:4      | Reached XP level 7. HP: 44/49 MP: 8/8
  4053 | D:4      | Identified the +3 mace "Uloonavo" {venom, Int+6}
  4055 | D:4      | Found a runed translucent door.
  4056 | D:4      | Noticed Crazy Yiuf
  4062 | D:4      | Killed Crazy Yiuf
  4263 | D:5      | Entered Level 5 of the Dungeon
  4299 | D:5      | Reached skill level 5 in Fighting
  4376 | D:5      | Reached *** piety under Okawaru
  4377 | D:5      | Reached skill level 1 in Evocations
  4383 | D:5      | Reached skill level 5 in Long Blades
  4383 | D:5      | Reached XP level 8. HP: 17/56 MP: 8/10
  4447 | D:5      | Found a sand-covered staircase.
  4454 | Ossuary  | Entered an ossuary
  4960 | D:5      | Found a glowing drain.
  4969 | Sewer    | Entered a sewer
  4988 | Sewer    | Reached skill level 5 in Stealth
  5149 | Sewer    | Found a viscous altar of Jiyva.
  5406 | D:5      | Reached skill level 6 in Long Blades
  5472 | D:5      | Reached **** piety under Okawaru
  6057 | D:6      | Reached XP level 9. HP: 52/62 MP: 12/12
  6336 | D:6      | Reached skill level 7 in Long Blades
  6506 | D:6      | Reached skill level 5 in Invocations
  6633 | D:6      | Found Jefog's Magic Scroll Shoppe.
  6673 | D:6      | Bought a scroll of blinking for 75 gold pieces
  6673 | D:6      | Bought a scroll of holy word for 75 gold pieces
  6673 | D:6      | Bought a scroll of identify for 20 gold pieces
  6698 | D:6      | Found a staircase to the Ecumenical Temple.
  6707 | Temple   | Entered the Ecumenical Temple
  6978 | D:7      | Found a sacrificial altar of Ru.
  7158 | D:7      | Reached skill level 8 in Long Blades
  7399 | D:7      | You fall into a shaft and drop 1 floor!
  7522 | D:7      | Reached skill level 9 in Long Blades
  7834 | D:8      | Noticed Grum
  7841 | D:8      | Reached ***** piety under Okawaru
  7848 | D:8      | HP: 1/62 [Grum/+0 glaive (7)]
  7849 | D:8      | Slain by Grum

Illustrated notes

Levels and vault maps discovered:
D:1:      minmay_arrival_jagged, layout_basic, serial_shops,
          nicolae_shop_overgrown_old_shop, serial_aquarium,
          aquarium_bridge_island_small [aquarium_subvault_small_water,
          aquarium_subvault_wall, aquarium_subvault_bridge,
          aquarium_subvault_wall, aquarium_subvault_balcony],
          aquarium_window_fake, aquarium_window_1, aquarium_view_2d,
          aquarium_balcony_3a, aquarium_pool_1
D:2:      layout_basic, nicolae_ecumenical_pavilion, grunt_ministairs_11
D:3:      layout_loops_ring, bloody_makhleb, chequers_mini_garden,
          chequers_serial_rivers_small_b, minmay_quantized, uniq_ijyb
D:4:      layout_cave_pools, grunt_ministairs_14, abandoned_shop,
          minmay_circle_x, uniq_crazy_yiuf_cottage
D:5:      minmay_recursive_quarters, layout_loops_ring, portal_sewer_entry_b,
          enter_ossuary_1, hangedman_decor_opposing
D:6:      layout_rooms, lemuel_temple_firewalk_a, serial_shops, shop,
          minmay_misc_feat_tiny, kennysheep_generic_room_16
D:7:      layout_rooms, mainiacjoe_overflow_cross_hatched
D:8:      layout_rooms, mainiacjoe_overflow_divided_tiny, serial_bayou_pond_e,
          st_stairs_7, grunt_tough_drop, uniq_joseph, uniq_grum
Temple:   nicolae_temple_no_exploring_needed

Skill      XL: |  1  2  3  4  5  6  7  8  9 |
---------------+----------------------------+-----
Stealth        | 1 2 3 4 5 6 |  6.0
Long Blades    | 3 4 5 6 9 |  9.7
Invocations    | 1 2 4 5 |  5.0
Fighting       | 4 5 6 |  6.0
Shields        | 4 |  4.0
Dodging        | 4 |  4.0
Evocations     | 1 3 |  3.0

Action                   |  1- 3 |  4- 6 |  7- 9 || total
-------------------------+-------+-------+-------++-------
Melee: Long sword        |    50 |   118 |   179 ||   347
       Constrict         |    21 |    27 |    52 ||   100
       Tentacles         |    12 |    24 |    51 ||    87
       Punch             |     1 |     2 |     4 ||     7
       Scimitar          |       |       |    68 ||    68
Throw: Dart              |       |       |     6 ||     6
Invok: Heroism           |       |       |     1 ||     1
  Use: Scroll            |     5 |     1 |     6 ||    12
       Potion            |       |     3 |     7 ||    10
 Stab: Sleeping          |    10 |    12 |    39 ||    61
       Distracted        |       |     2 |       ||     2
Armor: Skin              |     4 |     4 |     7 ||    15
Dodge: Dodged            |    22 |    53 |   137 ||   212
Block: Buckler           |    10 |    28 |    58 ||    96
